 Dungeon Crawl Stone Soup version 0.21-a0-508-gf08a75f (webtiles) character file.

1306 kiturien the Shield-Bearer (level 8, 0/70 HPs)
             Began as a Minotaur Fighter on Nov 28, 2017.
             Was a Believer of Wu Jian.
             Killed from afar by a manticore (13 damage)
             ... with a volley of spikes
             ... on level 5 of the Dungeon.
             The game lasted 00:19:00 (4160 turns).

kiturien the Shield-Bearer (Minotaur Fighter)       Turns: 4160, Time: 00:19:00

Health: 0/70       AC: 10    Str: 23    XL:     8   Next: 32%
Magic:  7/7        EV:  9    Int:  5    God:    Wu Jian [**....]
Gold:   271        SH: 16    Dex: 10    Spells: 7/7 levels left

rFire    + . .     SeeInvis +   a - +4 long sword
rCold    + . .     Gourm    .   c - +0 shield
rNeg     . . .     Faith    .   b - +0 scale mail
rPois    .         Spirit   .   (helmet restricted)
rElec    .         Reflect  +   h - scarf {rC+ rF+}
rCorr    .         Harm     .   o - +0 pair of gloves
MR       +....                  m - +0 pair of boots
Stlth    ..........             i - +5 amulet of reflection
HPRegen  0.21/turn              j - ring of protection from magic
MPRegen  0.10/turn              t - ring of see invisible

@: barbed spikes
A: retaliatory headbutt, horns 2
a: Renounce Religion


You were on level 5 of the Dungeon.
You worshipped Wu Jian.
Wu Jian was pleased with you.
You were not hungry.

You visited 2 branches of the dungeon, and saw 6 of its levels.
You also visited: Sewer.

You collected 271 gold pieces.

Inventory:

Hand Weapons
 a - a +4 long sword (weapon)
Armour
 b - a +0 scale mail (worn)
 c - a +0 shield (worn)
 h - a scarf of resistance (worn)
 m - a +0 pair of boots (worn)
 o - a +0 pair of gloves (worn)
Jewellery
 i - a +5 amulet of reflection (around neck)
 j - a ring of protection from magic (left hand)
 t - a ring of see invisible (right hand)
Scrolls
 n - a scroll of identify
 r - a scroll of teleportation
 s - a scroll of remove curse
 w - a scroll of magic mapping
 y - a scroll of fear
Potions
 d - 6 potions of might
 e - 4 potions of curing
 q - 2 potions of heal wounds
 z - a potion of brilliance
Comestibles
 f - 3 bread rations
 g - 11 chunks of flesh
 k - a royal jelly
 l - 3 meat rations
 u - 2 fruits


   Skills:
 * Level 5.7 Fighting
 * Level 7.2 Long Blades
 * Level 5.8 Armour
 * Level 3.2 Dodging
 * Level 7.5 Shields


You had 7 spell levels left.
You didn't know any spells.

Dungeon Overview and Level Annotations

Branches:
Dungeon (5/15)             Temple (1/1) D:4

Altars:
Ashenzari
Cheibriados
Dithmenos
Elyvilon
Fedhas
Gozag
Hepliaklqana
Kikubaaqudgha
Nemelex Xobeh
Okawaru
Qazlal
Ru
Sif Muna
Trog
Uskayaw
Wu Jian
Xom
The Shining One

Shops:
D:4 [

Annotations:
D:5 1 transporter


Innate Abilities, Weirdness & Mutations

You reflexively headbutt those who attack you in melee.
You have a pair of horns on your head.


Message History

The jackal bites you but does no damage.
The manticore flicks its tail.
The volley of spikes hits you!
The barbed spikes become lodged in your body.
The barbs in your skin will harm you if you move.
Continue?
The barbed spikes dig painfully into your body as you move.
* * * LOW HITPOINT WARNING * * *
You block the jackal's attack.
The manticore flicks its tail.
The volley of spikes reflects off an invisible shield around you!
The volley of spikes hits the adder.
You kill the adder!
The Council accepts your kill.
You can now perform airborne attacks by moving against a solid obstacle.
The barbed spikes dig painfully into your body as you move.
* * * LOW HITPOINT WARNING * * *
The manticore flicks its tail.
The volley of spikes hits you!
The barbed spikes become lodged in your body.
You die...

.....<.###.##.......##.# .# #.
##......#8.......8#.##.##
...........#$!.......#.....###
## ##...#..#.$.......#.......#
#.....©#_$....©..#©....#
#......#.(.....†.#..#..# .
#......#$[...†H..#)##..# ##
#..#.#.#8...h...8#.....#
#..#.#.##...@...##.##.## ...
#....#########..# # ##
##.#...........##
#.........######.# ####..##..#
#.# ##. #..# #.# #. #..# #.#
## #..# #.# ...# #.#


You could see a manticore and a jackal.

Vanquished Creatures
  Eustachio (D:4)
  A black bear (D:4)
  2 ogres (D:4)
  A phantom (D:4)
  2 bullfrogs (Sewer)
  A centaur zombie (D:4)
  2 orc priests (D:4)
  A hound (D:4)
  A bullfrog skeleton (D:5)
  3 worker ants (D:4)
  Crazy Yiuf (D:4)
  An iguana (D:5)
  2 orc wizards
  Robin (D:2)
  16 adders
  3 river rats (Sewer)
  3 oozes
  A worm (D:2)
  A dart slug (D:2)
  10 leopard geckos
  9 orcs
  6 bats
  10 giant cockroaches
  9 hobgoblins
  5 kobolds
  2 quokkas (D:5)
  12 ball pythons
  5 frilled lizards
  17 goblins
  33 rats
  A fungus (D:4)
163 creatures vanquished.

Vanquished Creatures (others)
  A goblin (D:2)
1 creature vanquished.

Grand Total: 164 creatures vanquished

Notes
Turn   | Place    | Note
-------+----------+-------------------------------------------
     0 | D:1      | kiturien the Minotaur Fighter began the quest for the Orb.
     0 | D:1      | Reached XP level 1. HP: 19/19 MP: 0/0
    99 | D:1      | Reached XP level 2. HP: 27/27 MP: 1/1
   377 | D:1      | Reached XP level 3. HP: 33/33 MP: 2/2
   833 | D:2      | Noticed Robin
   978 | D:1      | Reached XP level 4. HP: 39/40 MP: 3/3
  1013 | D:2      | Killed Robin
  1364 | D:3      | Reached skill level 1 in Dodging
  1394 | D:3      | Reached skill level 5 in Shields
  1394 | D:3      | Reached XP level 5. HP: 26/47 MP: 4/4
  2159 | D:4      | Found Eroh Leo's Antique Armour Boutique.
  2238 | D:4      | Reached XP level 6. HP: 53/53 MP: 5/5
  2349 | D:4      | Reached skill level 5 in Long Blades
  2349 | D:4      | Reached skill level 5 in Armour
  2378 | D:4      | Reached XP level 7. HP: 50/60 MP: 6/6
  2411 | D:4      | Reached skill level 5 in Fighting
  2517 | D:4      | Noticed Eustachio
  2528 | D:4      | Killed Eustachio
  2833 | D:4      | Found a staircase to the Ecumenical Temple.
  2847 | Temple   | Entered the Ecumenical Temple
  3146 | Temple   | Became a worshipper of the Wu Jian Council
  3442 | D:4      | Found a runed door.
  3446 | D:4      | Noticed Crazy Yiuf
  3451 | D:4      | Killed Crazy Yiuf
  3495 | D:5      | Entered Level 5 of the Dungeon
  3517 | D:5      | Reached XP level 8. HP: 63/69 MP: 7/7
  3550 | D:5      | Found a glowing drain.
  3573 | Sewer    | Entered a sewer
  3652 | Sewer    | Reached * piety under Wu Jian
  4081 | D:5      | Got a crude morningstar
  4082 | D:5      | Identified the +9 morningstar of Osuskih {flame, *Slow rN+ SInv Stlth+} (You found it on level 5 of the Dungeon)
  4112 | D:5      | Found a deep blue altar of Sif Muna.
  4113 | D:5      | Noticed a manticore
  4120 | D:5      | Found a transporter.
  4132 | D:5      | Found a transporter.
  4159 | D:5      | Reached ** piety under Wu Jian
  4160 | D:5      | Killed from afar by a manticore

Vault maps used:
D:1:      elethiomel_arrival_maze
D:2:      uniq_robin
D:4:      minmay_thick_lines, minmay_temple_entry_glassed_door, serial_shops,
          shop, first_bread, uniq_crazy_yiuf_cottage, uniq_eustachio
D:5:      gammafunk_temple_overflow_arena, lemuel_coloured_pillars_altar,
          gup_sewer_entry_pipe
Temple:   minmay_temple_bridge_d
Sewer:    sewer_minmay_w

Skill      XL: |  1  2  3  4  5  6  7  8 |
---------------+-------------------------+-----
Shields        | 4 5 6 7 |  7.5
Armour         | 4 5 |  5.8
Fighting       | 4 5 |  5.7
Long Blades    | 3 4 5 6 7 |  7.2
Dodging        | 1 2 3 |  3.2

Action                   |  1- 3 |  4- 6 |  7- 9 || total
-------------------------+-------+-------+-------++-------
Melee: Long sword        |    89 |   116 |   198 ||   403
       Headbutt          |    16 |    31 |    37 ||    84
  Use: Scroll            |     1 |     5 |     6 ||    12
       Potion            |       |     5 |     4 ||     9
  Eat: Chunk             |       |     5 |     4 ||     9
       Royal jelly       |       |       |     1 ||     1
Armor: Scale mail        |    28 |    65 |    58 ||   151
Dodge: Dodged            |    29 |    41 |    53 ||   123
Block: Shield            |    97 |   106 |   186 ||   389
       Reflection        |     1 |     9 |     1 ||    11
       Rpst.: Long sword |     5 |    10 |    13 ||    28

Table legend:
 A = Spawn XP
 B = Non-spawn XP
 C = Spawn XP percentage of total XP
 D = Spawn monster count
 E = Non-spawn monster count
 F = Spawn count percentage of total count
 G = Total turns spent on level
                    A         B        C        D         E        F      G
               +---------+---------+-------+---------+---------+-------+---------
         Total |       0 |    1866 |   0.0 |       0 |     163 |   0.0 |  4160
               +---------+---------+-------+---------+---------+-------+---------
           D:1 |       0 |      84 |   0.0 |       0 |      37 |   0.0 |   772
           D:2 |       0 |      76 |   0.0 |       0 |      19 |   0.0 |   508
           D:3 |       0 |     106 |   0.0 |       0 |      18 |   0.0 |   873
           D:4 |       0 |    1121 |   0.0 |       0 |      24 |   0.0 |   971
           D:5 |       0 |     132 |   0.0 |       0 |      17 |   0.0 |   280
         Sewer |       0 |     347 |   0.0 |       0 |      48 |   0.0 |   385
               +---------+---------+-------+---------+---------+-------+---------
